cohdb
Replays
Latest Replays
All Replays
Popular Replays
Top Player Replays
Match Explorer
How It Works
Community
CoH3 Stats
Reddit
Sign in to upload your games and track your stats! →
Sign in with Steam
Match 45847067
Unlisted
Match 45847067
Overview
Messages
Build Orders
End
Construct Section Command Post
Selects Indian Artillery Battlegroup
Dingo Light Scout Car
Infantry Section
Infantry Section
Construct Platoon Command Post
Humber Armored Car
Selects Valour
6-pounder Anti-tank Gun Team
Selects Gurkha Rifles Section
Gurkha Rifles Section
Construct Company Command Post
Grenade Package
Infantry Training
Unlock M3 Grant Medium Tanks
M3 Grant Medium Tank
Gurkha Rifles Section
CMP 15cwt Truck
M3 Grant Medium Tank
godsarmylds
JVM
h4sjohnson
Kimroot
Alex Caesar
funny mud pee
MrJack
D-Gaming Nation (MTRQA)
0
0
Comments
sign in to comment!
No comments posted yet!